 Dungeon Crawl Stone Soup version 0.31-a0-1074-g0b22e4e0f1 (webtiles) character file.

Game seed: 5481099197661940981

94 gelatine the Grave Robber (level 4, -4/32 HPs)
             Began as a Demonspawn Necromancer on Dec 2, 2023.
             Slain by an ice beast (12 damage)
             ... on level 3 of the Dungeon.
             The game lasted 00:05:32 (2038 turns).

gelatine the Grave Robber (Demonspawn Necromancer)  Turns: 2038, Time: 00:05:34

Health: -4/32      AC:  2    Str:  8    XL:     4   Next: 38%
Magic:  5/8        EV: 12    Int: 18    God:
Gold:   68         SH:  0    Dex: 14    Spells: 8/9 levels left

rFire   . . .        c - +2 whip (elec)
rCold   . . .        (no shield)
rNeg    . . .        a - +0 robe
rPois   .            (helmet restricted)
rElec   .            (no cloak)
rCorr   .            (no gloves)
SInv    .            (no boots)
Will    .....        (no amulet)
Stlth   ++           (no ring)
HPRegen 0.25/turn    (no ring)
MPRegen 0.22/turn

%: no passive effects
@: no status effects
A: horns 1, magic regeneration
a: no special abilities


You were on level 3 of the Dungeon.
You visited 1 branch of the dungeon, and saw 3 of its levels.

You collected 68 gold pieces.

Inventory:

Hand Weapons
 c - a +2 whip of electrocution (weapon)
Armour
 a - a +0 robe (worn)
Scrolls
 d - 3 scrolls of identify {unknown}
 e - a scroll of enchant armour {unknown}
 f - a scroll of enchant weapon {unknown}
 g - a scroll of vulnerability {unknown}
 h - a scroll of amnesia {unknown}
 i - 3 scrolls of teleportation {unknown}
 l - 2 scrolls of brand weapon {unknown}
 m - a scroll of fog {unknown}
 o - a scroll of noise {unknown}
Potions
 b - a potion of magic
 j - a potion of degeneration {unknown}
 k - a potion of might {unknown}
 n - 2 potions of cancellation {unknown}


   Skills:
 * Level 1.0 Fighting
 * Level 0.2 Maces & Flails
 * Level 2.1 Dodging
 + Level 2.0 Stealth
 + Level 0.1 Unarmed Combat
 * Level 3.0 Spellcasting
 * Level 5.2 Necromancy


You had 8 spell levels left.
You knew the following spells:

 Your Spells              Type           Power      Damage    Failure   Level
a - Necrotise             Necr           84%        1d8       1%          1

Your spell library contained the following spells:

 Spells                   Type           Power      Damage    Failure   Level
 Vampiric Draining        Necr           21%        2d7       6%          3
 Animate Dead             Necr           21%        N/A       19%         4
 Agony                    Necr           21%        N/A       47%         5
 Summon Forest            Summ/Tloc      1%         N/A       99%         5
 Eringya's Noxious Bog    Tmut/Pois      1%         4d6       100%        6
 Summon Hydra             Summ           1%         N/A       100%        7


Dungeon Overview and Level Annotations

Branches:
Dungeon (3/15)

Altars:
Nemelex Xobeh


Innate Abilities, Weirdness & Mutations

You have a pair of small horns on your head.
You regenerate magic rapidly.


Message History

You can't see any susceptible monsters within range! (Use Z to cast anyway.)
You swap places.
Found 5 stones.
Found a stone staircase leading up.
An ice beast comes into view.
Found a stone staircase leading down.
Found a leather armour.
Your bat skeleton barely misses the ice beast.
Your bat skeleton hits the ice beast but does no damage.
Your bat skeleton hits the ice beast.
Your bat skeleton hits the ice beast but does no damage. x3
Your bat skeleton hits the ice beast but does no damage.
Your bat skeleton misses the ice beast.
The ice beast barely resists.
Your bat skeleton hits the ice beast.
Your bat skeleton barely misses the ice beast.
The ice beast barely resists.
Your bat skeleton barely misses the ice beast. x2
The ice beast writhes in agony!
Your bat skeleton misses the ice beast.
The ice beast barely resists.
Your bat skeleton barely misses the ice beast.
Your bat skeleton hits the ice beast but does no damage.
The ice beast writhes in agony.
Your bat skeleton hits the ice beast but does no damage. x2
You closely miss the ice beast. You headbutt the ice beast.
The ice beast is moderately wounded.
Your bat skeleton crumbles into dust!
The ice beast hits you but does no damage.
The ice beast hits you. The ice beast freezes you!
You closely miss the ice beast.
The ice beast is moderately wounded.
The ice beast hits you but does no damage.
You hit the ice beast. Your headbutt misses the ice beast.
The ice beast is heavily wounded.
The ice beast hits you. The ice beast freezes you!
You hit the ice beast but do no damage.
You headbutt the ice beast, but do no damage.
The ice beast is heavily wounded.
The ice beast hits you.
* * * LOW HITPOINT WARNING * * *
The ice beast freezes you!
You die...

......# #....# #.#
#.# #...## #####.#
#.##.####.###.# #...#
#.#####..........##.#
#.......##.......)..#
#####.####.####..####
#.# #.# #>.# #.# #.#
#..####.[# ##
#.####.####.........
...
#.#..>..@Y........##
# #.#.###.####.##...#
... #.#.# #. #.#
..... # #...# #. #..
.... #.#####.# #.<.
.(. #........ .....
.>. #.#####[# #.##..
#.# #. .# ... #.#


You could see an ice beast.

Vanquished Creatures
  3 adders (D:2)
  A worm (D:2)
  2 dart slugs (D:1)
  7 bats
  6 endoplasms
  5 giant cockroaches
  5 goblins
  3 hobgoblins
  3 jackals (D:2)
  3 kobolds
  5 ball pythons
  2 frilled lizards
  8 rats
53 creatures vanquished.

Vanquished Creatures (collateral kills)
  A ball python (D:2)
  An endoplasm (D:1)
  A frilled lizard (D:1)
  A kobold (D:2)
4 creatures vanquished.

Grand Total: 57 creatures vanquished

Notes
Turn   | Place    | Note
-------+----------+-------------------------------------------
     0 | D:1      | gelatine the Demonspawn Necromancer began the quest for the
                  | Orb.
     0 | D:1      | Reached XP level 1. HP: 13/13 MP: 3/3
   247 | D:1      | Gained mutation: You regenerate magic rapidly. [demonic
                  | ancestry]
   247 | D:1      | Reached XP level 2. HP: 20/20 MP: 0/5
   506 | D:1      | Found a faded altar of an unknown god.
   742 | D:1      | Gained mutation: You have a pair of small horns on your
                  | head. [demonic ancestry]
   742 | D:1      | Reached XP level 3. HP: 25/25 MP: 4/6
   932 | D:2      | Reached skill level 5 in Necromancy
  1202 | D:2      | Reached XP level 4. HP: 26/31 MP: 3/8
  1379 | D:2      | Found a sparkling altar of Nemelex Xobeh.
  1758 | D:3      | Reached skill level 1 in Fighting
  2024 | D:3      | Noticed an ice beast
  2038 | D:3      | Slain by an ice beast

Illustrated notes

Levels and vault maps discovered:
D:1:      amcnicky_arrival_feature_with_door, layout_basic,
          shapermc_ecumenical_altar_mp_vishouse, serial_bayou_lagoon_b
D:2:      layout_rooms, basic_altar, bh_walls_and_bars
D:3:      layout_loops_ring

Skill      XL: |  1  2  3  4 |
---------------+-------------+-----
Necromancy     | 5 |  5.2
Dodging        | 2 |  2.1
Stealth        | 2 |  2.0
Fighting       | 1 |  1.0
Spellcasting   | 3 |  3.0
Maces & Flails | |  0.2
Unarmed Combat | |  0.1

Action                     |  1- 3 |  4- 6 || total
---------------------------+-------+-------++-------
  Melee: Whip              |     1 |     8 ||     9
         Headbutt          |       |     4 ||     4
   Cast: Necrotise         |    62 |    32 ||    94
 Armour: Robe              |     6 |    12 ||    18
  Dodge: Dodged            |     8 |     4 ||    12

Table legend: (Time is in decaauts)
 A = Elapsed time spent in this place.
 B = Non-inter-level travel time spent in this place.
 C = Inter-level travel time spent in this place.
 D = Time resting spent in this place.
 E = Time spent auto-exploring this place.
 F = Levels seen in this place.
 G = Mean time per level.
                   A        B        C        D        E       F      G
               +--------+--------+--------+--------+--------+-----+--------+
         Total |   2060 |   1986 |     74 |      0 |   1617 |   3 |  686.7 |
       Dungeon |   2060 |   1986 |     74 |      0 |   1617 |   3 |  686.7 |
               +--------+--------+--------+--------+--------+-----+--------+

Top non-repeatable levels by time:
     D:1: 949 daAuts
     D:2: 798 daAuts
     D:3: 313 daAuts
